3255 views
Uploaded 2020-03-10 22:45:24
Game version 1.32.2
61:37 long 4on4 ladder game on (8)Sanctuary_LV
Saved by ChuckleMan
3255 views
Uploaded 2020-03-10 22:45:24
Game version 1.32.2
61:37 long 4on4 ladder game on (8)Sanctuary_LV


307 units @ 45.4k
/ 7.9k
127 buildings @ 18.8k
/ 8.5k



| Rod of Necromancy | 6 | 900 |
| Ritual Dagger | 9 | 1125 |
| Potion of Healing | 9 | 1350 |
| Orb of Corruption | 3 | 1125 |
| Scroll of Town Portal | 13 | 4550 |
| Scroll of Healing | 2 | 500 |
| Potion of Lesser Invulnerability | 2 | 300 |
| Scroll of Regeneration | 1 | 100 |
| total: | 45 | 9950g |
| Acolyte | 44 | 3300 | / | 0 |
| Ghoul | 10 | 1200 | / | 0 |
| Frost Wyrm | 18 | 6930 | / | 2160 |
| total: | 72 | 11430g | / | 2160w |
| Nerubian Tower | 3 | 300 | / | 60 |
| Spirit Tower | 6 | 870 | / | 240 |
| Crypt | 1 | 200 | / | 50 |
| Ziggurat | 22 | 3300 | / | 1100 |
| Altar of Darkness | 1 | 180 | / | 50 |
| Tomb of Relics | 1 | 130 | / | 30 |
| Graveyard | 1 | 215 | / | 0 |
| Necropolis | 2 | 450 | / | 0 |
| Sacrificial Pit | 1 | 75 | / | 150 |
| Boneyard | 4 | 700 | / | 800 |
| Halls of the Dead | 1 | 320 | / | 210 |
| Black Citadel | 1 | 325 | / | 230 |
| total: | 33 | 5250g | / | 2180w |
| 0:03 | Acolyte |
| 0:03 | Acolyte |
| 0:12 | Crypt |
| 0:16 | Ziggurat |
| 0:44 | Altar of Darkness |
| 1:14 | Ghoul |
| 1:16 | Acolyte |
| 1:30 | Ghoul |
| 1:38 | Tomb of Relics |
| 1:40 | Ziggurat |
| 1:46 | Ghoul |
| 1:55 | Nerubian Tower |
| 2:14 | Ghoul |
| 2:28 | Black Arrow |
| 2:32 | Ghoul |
| 2:40 | Ghoul |
| 2:57 | Ghoul |
| 3:01 | Graveyard |
| 3:28 | Ghoul |
| 3:56 | Necropolis |
| 4:11 | Silence |
| 4:20 | Halls of the Dead |
| 4:47 | Ghoul |
| 5:27 | Rod of Necromancy |
| 5:27 | Ritual Dagger |
| 5:45 | Acolyte |
| 5:45 | Acolyte |
| 5:45 | Acolyte |
| 5:47 | Ziggurat |
| 5:49 | Acolyte |
| 5:56 | Creature Attack |
| 6:36 | Ziggurat |
| 6:38 | Ziggurat |
| 6:47 | Black Arrow |
| 7:22 | Black Citadel |
| 7:28 | Frost Arrows |
| 7:44 | Sacrificial Pit |
| 7:45 | Improved Creature Attack |
| 7:45 | Creature Carapace |
| 7:51 | Ziggurat |
| 7:53 | Nerubian Tower |
| 7:54 | Ziggurat |
| 7:57 | Spirit Tower |
| 9:06 | Rod of Necromancy |
| 9:07 | Ritual Dagger |
| 9:12 | Scroll of Town Portal |
| 9:14 | Potion of Healing |
| 9:48 | Boneyard |
| 9:50 | Boneyard |
| 9:51 | Boneyard |
| 9:52 | Boneyard |
| 10:30 | Silence |
| 10:57 | Advanced Creature Attack |
| 11:38 | Freezing Breath |
| 11:39 | Frost Wyrm |
| 11:50 | Potion of Healing |
| 11:51 | Scroll of Town Portal |
| 11:51 | Orb of Corruption |
| 11:57 | Frost Armor |
| 12:25 | Forked Lightning |
| 12:32 | Frost Wyrm |
| 13:03 | Acolyte |
| 13:03 | Acolyte |
| 13:08 | Acolyte |
| 13:08 | Acolyte |
| 13:24 | Ziggurat |
| 13:27 | Scroll of Town Portal |
| 14:08 | Frost Nova |
| 14:12 | Acolyte |
| 14:43 | Frost Wyrm |
| 14:54 | Frost Wyrm |
| 14:56 | Acolyte |
| 15:27 | Forked Lightning |
| 15:35 | Frost Wyrm |
| 15:39 | Ritual Dagger |
| 15:43 | Rod of Necromancy |
| 16:07 | Improved Creature Carapace |
| 16:18 | Acolyte |
| 16:19 | Acolyte |
| 16:19 | Acolyte |
| 16:49 | Scroll of Town Portal |
| 17:20 | Frost Wyrm |
| 17:52 | Frost Wyrm |
| 17:55 | Acolyte |
| 18:01 | Black Arrow |
| 18:15 | Frost Nova |
| 18:23 | Frost Wyrm |
| 18:31 | Acolyte |
| 18:48 | Frost Wyrm |
| 19:18 | Scroll of Town Portal |
| 20:06 | Acolyte |
| 20:06 | Acolyte |
| 20:06 | Acolyte |
| 20:17 | Spirit Tower |
| 20:38 | Potion of Lesser Invulnerability |
| 20:57 | Acolyte |
| 20:57 | Acolyte |
| 21:13 | Acolyte |
| 21:13 | Acolyte |
| 21:39 | Frost Arrows |
| 22:15 | Scroll of Town Portal |
| 22:15 | Rod of Necromancy |
| 22:15 | Ritual Dagger |
| 22:27 | Potion of Healing |
| 22:29 | Potion of Healing |
| 22:51 | Ziggurat |
| 22:55 | Ziggurat |
| 24:05 | Frost Armor |
| 24:10 | Ziggurat |
| 24:10 | Ziggurat |
| 24:13 | Ziggurat |
| 24:14 | Ziggurat |
| 25:10 | Frost Wyrm |
| 25:16 | Ritual Dagger |
| 25:28 | Acolyte |
| 25:29 | Acolyte |
| 25:29 | Acolyte |
| 26:00 | Scroll of Town Portal |
| 26:15 | Nerubian Tower |
| 26:16 | Ziggurat |
| 26:17 | Acolyte |
| 26:51 | Acolyte |
| 26:51 | Acolyte |
| 26:51 | Acolyte |
| 26:54 | Charm |
| 27:09 | Frost Wyrm |
| 27:10 | Acolyte |
| 27:31 | Spirit Tower |
| 28:04 | Spirit Tower |
| 28:42 | Acolyte |
| 28:46 | Scroll of Town Portal |
| 28:47 | Scroll of Regeneration |
| 29:05 | Acolyte |
| 29:15 | Forked Lightning |
| 29:40 | Ziggurat |
| 29:51 | Acolyte |
| 29:51 | Acolyte |
| 30:32 | Acolyte |
| 30:45 | Acolyte |
| 30:45 | Acolyte |
| 30:47 | Ziggurat |
| 30:48 | Ziggurat |
| 30:49 | Ziggurat |
| 31:01 | Advanced Creature Carapace |
| 31:16 | Acolyte |
| 31:36 | Frost Wyrm |
| 32:04 | Ziggurat |
| 32:05 | Ziggurat |
| 32:06 | Ziggurat |
| 32:17 | Spirit Tower |
| 33:00 | Frost Nova |
| 33:59 | Spirit Tower |
| 34:03 | Frost Wyrm |
| 34:34 | Scroll of Healing |
| 34:35 | Orb of Corruption |
| 34:40 | Ritual Dagger |
| 35:40 | Frost Wyrm |
| 35:44 | Silence |
| 35:45 | Tornado |
| 36:14 | Frost Wyrm |
| 37:15 | Death and Decay |
| 37:28 | Frost Wyrm |
| 38:09 | Ghoul |
| 38:15 | Rod of Necromancy |
| 38:15 | Scroll of Town Portal |
| 38:15 | Ritual Dagger |
| 38:27 | Scroll of Town Portal |
| 39:04 | Potion of Healing |
| 39:06 | Orb of Corruption |
| 39:49 | Frost Wyrm |
| 41:35 | Frost Wyrm |
| 42:11 | Scroll of Town Portal |
| 42:19 | Potion of Healing |
| 43:27 | Frost Arrows |
| 43:44 | Frost Armor |
| 43:49 | Scroll of Town Portal |
| 43:49 | Potion of Healing |
| 43:53 | Rod of Necromancy |
| 43:55 | Ritual Dagger |
| 45:17 | Potion of Lesser Invulnerability |
| 46:07 | Life Drain |
| 46:56 | Acolyte |
| 46:58 | Ritual Dagger |
| 47:05 | Scroll of Town Portal |
| 47:06 | Potion of Healing |
| 47:06 | Potion of Healing |
| 47:18 | Acolyte |
| 48:32 | Acolyte |
| 49:38 | Necropolis |
| 50:20 | Scroll of Healing |
| 59:06 | Dark Ritual |
| 59:12 | Mana Shield |
| Right click | 2223 |
| Select group | 1216 |
| Select | 971 |
| Misc. action | 446 |
| Build/train/purchase | 222 |
| Use ability | 181 |
| Minimap ping | 158 |
| Assign group | 157 |
| Item give/drop | 15 |
| Remove unit | 14 |
| Resource trade | 5 |


| Scroll of Regeneration | 6 | 600 |
| Potion of Healing | 1 | 150 |
| Lesser Clarity Potion | 4 | 280 |
| Orb of Fire | 2 | 650 |
| Scroll of Healing | 3 | 750 |
| Scroll of Town Portal | 7 | 2450 |
| total: | 23 | 4880g |
| Peasant | 29 | 2175 | / | 0 |
| Rifleman | 17 | 3485 | / | 510 |
| Gryphon Rider | 13 | 3640 | / | 910 |
| Dragonhawk Rider | 1 | 200 | / | 30 |
| Priest | 2 | 270 | / | 20 |
| Goblin Shredder | 1 | 375 | / | 100 |
| total: | 63 | 10145g | / | 1570w |
| Scout Tower | 7 | 210 | / | 140 |
| Arcane Tower | 2 | 140 | / | 100 |
| Guard Tower | 4 | 280 | / | 200 |
| Farm | 17 | 1360 | / | 340 |
| Altar of Kings | 3 | 540 | / | 150 |
| Blacksmith | 1 | 140 | / | 60 |
| Lumber Mill | 1 | 120 | / | 0 |
| Barracks | 2 | 320 | / | 120 |
| Arcane Vault | 1 | 130 | / | 30 |
| Town Hall | 3 | 1155 | / | 615 |
| Gryphon Aviary | 4 | 560 | / | 600 |
| Arcane Sanctum | 1 | 150 | / | 140 |
| Keep | 1 | 320 | / | 210 |
| Castle | 1 | 360 | / | 210 |
| total: | 40 | 4685g | / | 2195w |
| 0:04 | Peasant |
| 0:04 | Peasant |
| 0:04 | Peasant |
| 0:04 | Peasant |
| 0:05 | Peasant |
| 0:38 | Farm |
| 0:43 | Peasant |
| 0:43 | Peasant |
| 1:21 | Altar of Kings |
| 1:23 | Peasant |
| 1:23 | Peasant |
| 1:37 | Farm |
| 1:53 | Blacksmith |
| 1:57 | Peasant |
| 1:57 | Peasant |
| 2:07 | Scout Tower |
| 2:26 | Arcane Tower |
| 2:28 | Scout Tower |
| 2:33 | Lumber Mill |
| 2:38 | Barracks |
| 2:38 | Barracks |
| 2:46 | Farm |
| 3:05 | Guard Tower |
| 3:10 | Scout Tower |
| 3:15 | Scout Tower |
| 3:22 | Storm Bolt |
| 3:44 | Guard Tower |
| 3:48 | Rifleman |
| 3:51 | Guard Tower |
| 3:56 | Farm |
| 4:23 | Rifleman |
| 4:34 | Rifleman |
| 4:57 | Rifleman |
| 5:06 | Farm |
| 5:28 | Bash |
| 6:17 | Arcane Vault |
| 6:28 | Town Hall |
| 6:37 | Rifleman |
| 6:57 | Scroll of Regeneration |
| 7:14 | Scroll of Regeneration |
| 7:47 | Storm Bolt |
| 8:01 | Goblin Shredder |
| 8:10 | Keep |
| 8:13 | Rifleman |
| 8:15 | Black Gunpowder |
| 8:50 | Rifleman |
| 8:52 | Studded Leather Armor |
| 9:01 | Farm |
| 9:05 | Farm |
| 9:06 | Farm |
| 9:16 | Bash |
| 9:21 | Scroll of Healing |
| 9:53 | Rifleman |
| 9:57 | Improved Masonry |
| 10:22 | Farm |
| 10:57 | Castle |
| 11:02 | Gryphon Aviary |
| 11:04 | Gryphon Aviary |
| 11:05 | Gryphon Aviary |
| 11:06 | Gryphon Aviary |
| 11:10 | Farm |
| 11:11 | Farm |
| 11:13 | Farm |
| 11:14 | Farm |
| 11:16 | Farm |
| 11:19 | Arcane Sanctum |
| 11:51 | Holy Light |
| 12:18 | Storm Bolt |
| 12:37 | Town Hall |
| 12:42 | Long Rifles |
| 12:44 | Refined Gunpowder |
| 12:45 | Reinforced Leather Armor |
| 12:45 | Iron Forged Swords |
| 12:52 | Improved Lumber Harvesting |
| 12:56 | Scroll of Town Portal |
| 12:56 | Scroll of Town Portal |
| 13:19 | Scroll of Healing |
| 13:25 | Scroll of Healing |
| 13:43 | Potion of Healing |
| 13:50 | Storm Hammers |
| 13:51 | Gryphon Rider |
| 14:49 | Gryphon Rider |
| 15:00 | Advanced Masonry |
| 15:50 | Gryphon Rider |
| 16:03 | Scroll of Regeneration |
| 16:08 | Scroll of Town Portal |
| 16:32 | Dragonhawk Rider |
| 16:35 | Gryphon Rider |
| 16:41 | Steel Forged Swords |
| 16:51 | Devotion Aura |
| 18:37 | Divine Shield |
| 18:52 | Gryphon Rider |
| 19:04 | Imbued Masonry |
| 19:22 | Peasant |
| 19:22 | Peasant |
| 19:22 | Peasant |
| 19:23 | Peasant |
| 19:24 | Peasant |
| 19:30 | Gryphon Rider |
| 19:34 | Mithril Forged Swords |
| 20:05 | Scroll of Town Portal |
| 20:49 | Gryphon Rider |
| 20:51 | Gryphon Rider |
| 21:44 | Avatar |
| 21:57 | Scroll of Regeneration |
| 22:05 | Lesser Clarity Potion |
| 22:11 | Gryphon Rider |
| 22:51 | Gryphon Rider |
| 23:28 | Gryphon Rider |
| 23:36 | Scroll of Regeneration |
| 23:41 | Lesser Clarity Potion |
| 24:44 | Rifleman |
| 25:00 | Rifleman |
| 25:24 | Scroll of Town Portal |
| 25:36 | Lesser Clarity Potion |
| 25:57 | Devotion Aura |
| 26:06 | Orb of Fire |
| 26:31 | Rifleman |
| 27:06 | Rifleman |
| 27:08 | Rifleman |
| 27:40 | Rifleman |
| 28:34 | Scroll of Town Portal |
| 29:37 | Peasant |
| 29:51 | Peasant |
| 30:56 | Peasant |
| 30:56 | Peasant |
| 30:56 | Peasant |
| 30:59 | Peasant |
| 31:02 | Peasant |
| 31:03 | Peasant |
| 31:22 | Rifleman |
| 32:14 | Priest |
| 32:18 | Peasant |
| 32:18 | Peasant |
| 32:19 | Peasant |
| 32:19 | Peasant |
| 32:19 | Peasant |
| 32:30 | Lesser Clarity Potion |
| 32:45 | Magic Sentry |
| 32:48 | Scout Tower |
| 32:51 | Scout Tower |
| 32:54 | Rifleman |
| 33:14 | Orb of Fire |
| 33:28 | Arcane Tower |
| 33:42 | Scroll of Town Portal |
| 34:03 | Devotion Aura |
| 34:07 | Bash |
| 34:40 | Gryphon Rider |
| 34:43 | Gryphon Rider |
| 34:53 | Guard Tower |
| 36:17 | Town Hall |
| 36:35 | Priest |
| 36:52 | Rifleman |
| 37:09 | Scout Tower |
| 39:04 | Altar of Kings |
| 40:25 | Farm |
| 40:26 | Farm |
| 40:27 | Farm |
| 42:34 | Altar of Kings |
| 49:09 | Scroll of Regeneration |
| 51:48 | Thunder Clap |
| 53:28 | Resurrection |
| Right click | 1634 |
| Select | 551 |
| Build/train/purchase | 168 |
| Use ability | 101 |
| Resource trade | 15 |
| Minimap ping | 9 |
| Item give/drop | 4 |
| Misc. action | 1 |

| Staff of Sanctuary | 1 | 250 |
| Potion of Healing | 1 | 150 |
| Scroll of Town Portal | 2 | 700 |
| Staff of Teleportation | 1 | 150 |
| total: | 5 | 1250g |
| Peasant | 48 | 3600 | / | 0 |
| Footman | 5 | 675 | / | 0 |
| Gryphon Rider | 3 | 840 | / | 210 |
| Knight | 12 | 2940 | / | 720 |
| Spell Breaker | 6 | 1290 | / | 180 |
| Siege Engine | 10 | 1950 | / | 600 |
| Dragonhawk Rider | 7 | 1400 | / | 210 |
| Sorceress | 1 | 155 | / | 20 |
| Goblin Zeppelin | 1 | 240 | / | 60 |
| Rogue | 2 | 300 | / | 0 |
| Assassin | 2 | 500 | / | 60 |
| Kobold Geomancer | 2 | 510 | / | 60 |
| Forest Troll High Priest | 2 | 610 | / | 80 |
| total: | 101 | 15010g | / | 2200w |
| Farm | 13 | 1040 | / | 260 |
| Altar of Kings | 1 | 180 | / | 50 |
| Barracks | 1 | 160 | / | 60 |
| Blacksmith | 1 | 140 | / | 60 |
| Lumber Mill | 1 | 120 | / | 0 |
| Arcane Vault | 1 | 130 | / | 30 |
| Town Hall | 4 | 1540 | / | 820 |
| Arcane Sanctum | 1 | 150 | / | 140 |
| Gryphon Aviary | 1 | 140 | / | 150 |
| Workshop | 1 | 140 | / | 140 |
| Keep | 2 | 640 | / | 420 |
| Castle | 1 | 360 | / | 210 |
| total: | 25 | 3740g | / | 1710w |
| 0:02 | Farm |
| 0:04 | Peasant |
| 0:04 | Peasant |
| 0:20 | Altar of Kings |
| 0:22 | Peasant |
| 0:38 | Peasant |
| 0:54 | Farm |
| 0:56 | Peasant |
| 1:19 | Peasant |
| 1:20 | Peasant |
| 1:27 | Barracks |
| 1:44 | Farm |
| 1:49 | Peasant |
| 2:10 | Footman |
| 2:10 | Footman |
| 2:18 | Footman |
| 2:20 | Storm Bolt |
| 2:54 | Keep |
| 2:58 | Footman |
| 3:22 | Footman |
| 3:36 | Defend |
| 4:11 | Farm |
| 4:12 | Farm |
| 4:31 | Bash |
| 4:44 | Blacksmith |
| 4:46 | Lumber Mill |
| 5:21 | Castle |
| 5:41 | Arcane Sanctum |
| 5:54 | Storm Bolt |
| 6:04 | Improved Lumber Harvesting |
| 6:17 | Rogue |
| 6:18 | Assassin |
| 7:15 | Iron Forged Swords |
| 7:21 | Kobold Geomancer |
| 7:22 | Forest Troll High Priest |
| 7:49 | Gryphon Aviary |
| 7:56 | Workshop |
| 7:57 | Peasant |
| 7:58 | Peasant |
| 7:58 | Peasant |
| 8:56 | Rogue |
| 8:56 | Assassin |
| 8:56 | Kobold Geomancer |
| 8:57 | Forest Troll High Priest |
| 9:19 | Arcane Vault |
| 9:27 | Bash |
| 10:06 | Gryphon Rider |
| 10:37 | Knight |
| 10:48 | Goblin Zeppelin |
| 10:55 | Gryphon Rider |
| 11:19 | Spell Breaker |
| 11:50 | Farm |
| 11:50 | Farm |
| 12:33 | Barrage |
| 12:33 | Siege Engine |
| 13:06 | Dragonhawk Rider |
| 13:08 | Knight |
| 13:24 | Farm |
| 13:24 | Farm |
| 13:48 | Siege Engine |
| 14:06 | Sorceress |
| 14:23 | Town Hall |
| 14:43 | Spell Breaker |
| 15:16 | Staff of Sanctuary |
| 15:34 | Iron Plating |
| 16:01 | Cloud |
| 16:11 | Improved Masonry |
| 16:19 | Dragonhawk Rider |
| 16:53 | Farm |
| 16:53 | Farm |
| 16:55 | Black Gunpowder |
| 16:56 | Studded Leather Armor |
| 16:56 | Steel Plating |
| 17:38 | Storm Bolt |
| 17:49 | Peasant |
| 17:49 | Peasant |
| 17:49 | Peasant |
| 17:49 | Peasant |
| 18:15 | Peasant |
| 18:15 | Peasant |
| 18:15 | Peasant |
| 18:15 | Peasant |
| 18:49 | Peasant |
| 18:51 | Peasant |
| 19:37 | Dragonhawk Rider |
| 19:38 | Siege Engine |
| 20:01 | Spell Breaker |
| 20:03 | Knight |
| 20:08 | Scroll of Town Portal |
| 20:25 | Refined Gunpowder |
| 20:26 | Steel Forged Swords |
| 21:02 | Siege Engine |
| 21:05 | Flying Machine Bombs |
| 21:07 | Spell Breaker |
| 21:45 | Siege Engine |
| 21:45 | Spell Breaker |
| 21:46 | Knight |
| 22:25 | Advanced Masonry |
| 22:34 | Avatar |
| 22:39 | Scroll of Town Portal |
| 22:47 | Peasant |
| 22:47 | Peasant |
| 23:11 | Siege Engine |
| 23:19 | Reinforced Leather Armor |
| 23:22 | Peasant |
| 23:22 | Peasant |
| 23:56 | Knight |
| 24:34 | Siege Engine |
| 24:39 | Potion of Healing |
| 25:36 | Peasant |
| 25:58 | Knight |
| 26:29 | Knight |
| 26:30 | Spell Breaker |
| 26:37 | Peasant |
| 26:40 | Peasant |
| 27:29 | Peasant |
| 27:31 | Peasant |
| 27:31 | Peasant |
| 27:43 | Mithril Forged Swords |
| 28:18 | Siege Engine |
| 28:19 | Knight |
| 28:43 | Knight |
| 30:16 | Peasant |
| 30:16 | Peasant |
| 30:16 | Peasant |
| 30:16 | Peasant |
| 30:16 | Peasant |
| 30:21 | Gryphon Rider |
| 30:35 | Knight |
| 30:37 | Peasant |
| 30:56 | Peasant |
| 30:56 | Peasant |
| 30:57 | Peasant |
| 31:11 | Dragonhawk Rider |
| 31:14 | Farm |
| 31:56 | Bash |
| 32:21 | Farm |
| 32:39 | Advanced Lumber Harvesting |
| 33:24 | Peasant |
| 33:25 | Peasant |
| 33:25 | Peasant |
| 33:25 | Peasant |
| 35:35 | Thunder Clap |
| 35:40 | Peasant |
| 35:40 | Peasant |
| 35:40 | Peasant |
| 35:43 | Dragonhawk Rider |
| 35:43 | Dragonhawk Rider |
| 35:44 | Siege Engine |
| 35:44 | Siege Engine |
| 36:30 | Knight |
| 36:47 | Knight |
| 36:50 | Dragonhawk Rider |
| 37:15 | Mithril Plating |
| 38:56 | Staff of Teleportation |
| 43:32 | Town Hall |
| 45:30 | Town Hall |
| 53:37 | Thunder Clap |
| 54:12 | Town Hall |
| 56:58 | Peasant |
| Right click | 2703 |
| Select | 840 |
| Select group | 790 |
| Misc. action | 184 |
| Build/train/purchase | 179 |
| Assign group | 94 |
| Use ability | 79 |
| Minimap ping | 65 |
| Esc | 8 |
| Chat | 6 |
| Remove unit | 5 |
| Item give/drop | 4 |


| Potion of Healing | 2 | 300 |
| Lesser Clarity Potion | 1 | 70 |
| Scroll of Town Portal | 5 | 1750 |
| Orb of Fire | 1 | 325 |
| total: | 9 | 2445g |
| Wisp | 25 | 1500 | / | 0 |
| Archer | 15 | 1950 | / | 150 |
| Dryad | 17 | 2465 | / | 1020 |
| Druid of the Talon | 5 | 725 | / | 100 |
| Faerie Dragon | 2 | 310 | / | 50 |
| Mountain Giant | 1 | 350 | / | 100 |
| Druid of the Claw | 2 | 510 | / | 160 |
| Goblin Shredder | 1 | 375 | / | 100 |
| Goblin Sapper | 3 | 645 | / | 300 |
| total: | 71 | 8830g | / | 1980w |
| Ancient Protector | 8 | 1080 | / | 640 |
| Moon Well | 9 | 1620 | / | 360 |
| Ancient of War | 2 | 300 | / | 120 |
| Altar of Elders | 1 | 180 | / | 50 |
| Hunter's Hall | 2 | 420 | / | 200 |
| Ancient of Wonders | 1 | 90 | / | 30 |
| Tree of Life | 3 | 1020 | / | 555 |
| Ancient of Wind | 1 | 150 | / | 140 |
| Ancient of Lore | 2 | 310 | / | 290 |
| Tree of Ages | 1 | 320 | / | 180 |
| Tree of Eternity | 1 | 330 | / | 200 |
| total: | 29 | 5170g | / | 2385w |
| 0:06 | Wisp |
| 0:06 | Wisp |
| 0:06 | Wisp |
| 0:16 | Wisp |
| 0:41 | Wisp |
| 0:41 | Wisp |
| 0:45 | Moon Well |
| 0:49 | Ancient of War |
| 0:55 | Altar of Elders |
| 0:57 | Wisp |
| 1:38 | Moon Well |
| 1:42 | Wisp |
| 1:51 | Archer |
| 2:04 | Wisp |
| 2:13 | Moon Well |
| 2:39 | Archer |
| 2:43 | Black Arrow |
| 2:51 | Ancient of War |
| 2:57 | Archer |
| 2:59 | Wisp |
| 2:59 | Wisp |
| 3:14 | Archer |
| 3:23 | Archer |
| 3:40 | Tree of Ages |
| 3:57 | Archer |
| 4:05 | Archer |
| 4:20 | Silence |
| 4:27 | Hunter's Hall |
| 4:34 | Ancient of Wonders |
| 5:07 | Tree of Life |
| 5:37 | Silence |
| 6:07 | Moon Well |
| 6:33 | Goblin Shredder |
| 6:44 | Ancient of Wind |
| 7:02 | Trueshot Aura |
| 7:45 | Wisp |
| 7:45 | Wisp |
| 7:46 | Wisp |
| 7:46 | Wisp |
| 7:46 | Wisp |
| 7:53 | Ancient of Lore |
| 8:34 | Black Arrow |
| 9:17 | Abolish Magic |
| 9:17 | Dryad |
| 9:17 | Dryad |
| 9:19 | Druid of the Talon Adept Training |
| 9:19 | Druid of the Talon |
| 9:29 | Ultravision |
| 9:29 | Strength of the Wild |
| 9:32 | Ancient of Lore |
| 9:38 | Moon Well |
| 9:39 | Moon Well |
| 9:47 | Scroll of Town Portal |
| 10:03 | Improved Bows |
| 10:03 | Archer |
| 10:03 | Archer |
| 10:14 | Tree of Eternity |
| 10:18 | Nature's Blessing |
| 10:26 | Faerie Dragon |
| 10:43 | Scroll of Town Portal |
| 10:50 | Potion of Healing |
| 10:57 | Scout |
| 11:08 | Dryad |
| 11:16 | Improved Strength of the Wild |
| 11:38 | Druid of the Talon |
| 12:11 | Ancient Protector |
| 12:13 | Ancient Protector |
| 12:21 | Dryad |
| 12:21 | Dryad |
| 12:39 | Ancient Protector |
| 12:40 | Ancient Protector |
| 12:42 | Wisp |
| 12:42 | Wisp |
| 13:09 | Scroll of Town Portal |
| 13:33 | Well Spring |
| 13:35 | Marksmanship |
| 13:42 | Hunter's Hall |
| 15:01 | Resistant Skin |
| 15:02 | Hardened Skin |
| 15:02 | Mountain Giant |
| 15:11 | Wisp |
| 15:12 | Wisp |
| 15:12 | Wisp |
| 15:22 | Wisp |
| 15:36 | Druid of the Talon Master Training |
| 15:37 | Druid of the Talon |
| 16:00 | Strength of the Moon |
| 16:37 | Goblin Sapper |
| 16:37 | Goblin Sapper |
| 16:37 | Goblin Sapper |
| 17:56 | Trueshot Aura |
| 18:12 | Black Arrow |
| 18:36 | Ancient Protector |
| 18:40 | Improved Strength of the Moon |
| 18:40 | Advanced Strength of the Wild |
| 19:16 | Scroll of Town Portal |
| 19:16 | Orb of Fire |
| 19:23 | Mark of the Talon |
| 19:23 | Druid of the Talon |
| 19:27 | Dryad |
| 19:27 | Dryad |
| 19:27 | Dryad |
| 19:28 | Druid of the Claw Adept Training |
| 19:50 | Moon Well |
| 19:51 | Moon Well |
| 19:52 | Moon Well |
| 20:13 | Advanced Strength of the Moon |
| 20:18 | Reinforced Hides |
| 20:48 | Ancient Protector |
| 21:59 | Scout |
| 22:38 | Archer |
| 22:38 | Archer |
| 22:38 | Archer |
| 22:42 | Dryad |
| 22:42 | Dryad |
| 22:54 | Tree of Life |
| 23:18 | Scroll of Town Portal |
| 24:02 | Charm |
| 24:39 | Druid of the Talon |
| 24:40 | Faerie Dragon |
| 24:43 | Dryad |
| 24:43 | Dryad |
| 24:51 | Improved Reinforced Hides |
| 24:59 | Moon Armor |
| 25:24 | Dryad |
| 25:24 | Dryad |
| 25:48 | Archer |
| 25:48 | Archer |
| 25:48 | Archer |
| 26:09 | Improved Moon Armor |
| 26:46 | Lesser Clarity Potion |
| 26:50 | Potion of Healing |
| 27:42 | Druid of the Claw Master Training |
| 27:44 | Dryad |
| 27:44 | Dryad |
| 28:53 | Wisp |
| 28:54 | Wisp |
| 28:54 | Wisp |
| 30:25 | Trueshot Aura |
| 31:23 | Tree of Life |
| 31:25 | Ancient Protector |
| 31:25 | Ancient Protector |
| 32:29 | Mark of the Claw |
| 32:29 | Druid of the Claw |
| 32:29 | Druid of the Claw |
| 32:30 | Dryad |
| 35:02 | Silence |
| 35:18 | Starfall |
| 55:10 | Life Drain |
| Right click | 1693 |
| Select | 629 |
| Build/train/purchase | 165 |
| Use ability | 60 |
| Misc. action | 34 |
| Assign group | 13 |
| Item give/drop | 1 |
| Select group | 1 |
| Minimap ping | 1 |
362 units @ 45k
/ 6.6k
379 buildings @ 37.5k
/ 17.8k


| Scroll of Healing | 1 | 250 |
| Scroll of Protection | 1 | 150 |
| Circlet of Nobility | 1 | 175 |
| Boots of Speed | 1 | 250 |
| total: | 4 | 825g |
| Wisp | 52 | 3120 | / | 0 |
| Archer | 18 | 2340 | / | 180 |
| Huntress | 17 | 3315 | / | 340 |
| Dryad | 13 | 1885 | / | 780 |
| Druid of the Claw | 8 | 2040 | / | 640 |
| Druid of the Talon | 6 | 870 | / | 120 |
| Glaive Thrower | 1 | 210 | / | 65 |
| Mountain Giant | 1 | 350 | / | 100 |
| Hippogryph | 6 | 960 | / | 120 |
| total: | 122 | 15090g | / | 2345w |
| Altar of Elders | 1 | 180 | / | 50 |
| Moon Well | 25 | 4500 | / | 1000 |
| Ancient of War | 4 | 600 | / | 240 |
| Tree of Life | 7 | 2380 | / | 1295 |
| Hunter's Hall | 4 | 840 | / | 400 |
| Ancient of Wonders | 1 | 90 | / | 30 |
| Ancient of Lore | 4 | 620 | / | 580 |
| Ancient of Wind | 2 | 300 | / | 280 |
| Tree of Ages | 3 | 960 | / | 540 |
| Tree of Eternity | 2 | 660 | / | 400 |
| total: | 48 | 9510g | / | 3875w |
| 0:18 | Altar of Elders |
| 0:21 | Moon Well |
| 0:22 | Wisp |
| 0:35 | Wisp |
| 0:52 | Wisp |
| 0:57 | Ancient of War |
| 0:58 | Wisp |
| 1:40 | Wisp |
| 1:56 | Ancient of War |
| 2:00 | Wisp |
| 2:20 | Archer |
| 2:37 | Wisp |
| 2:37 | Wisp |
| 2:37 | Wisp |
| 2:38 | Wisp |
| 2:44 | Scout |
| 3:00 | Archer |
| 3:04 | Moon Well |
| 3:44 | Moon Well |
| 3:49 | Moon Well |
| 4:24 | Tree of Ages |
| 4:25 | Archer |
| 5:09 | Trueshot Aura |
| 5:50 | Tree of Life |
| 6:01 | Hunter's Hall |
| 6:05 | Hunter's Hall |
| 6:26 | Archer |
| 6:56 | Improved Bows |
| 7:09 | Huntress |
| 7:17 | Wisp |
| 7:18 | Wisp |
| 7:30 | Huntress |
| 8:05 | Huntress |
| 8:22 | Searing Arrows |
| 9:36 | Silence |
| 9:58 | Wisp |
| 9:59 | Wisp |
| 9:59 | Wisp |
| 10:00 | Wisp |
| 10:01 | Wisp |
| 10:46 | Wisp |
| 10:46 | Wisp |
| 10:48 | Wisp |
| 10:48 | Wisp |
| 10:49 | Moon Glaive |
| 10:52 | Strength of the Moon |
| 10:53 | Moon Armor |
| 11:39 | Trueshot Aura |
| 11:44 | Scroll of Protection |
| 11:44 | Scroll of Healing |
| 11:46 | Circlet of Nobility |
| 11:47 | Boots of Speed |
| 12:09 | Ancient of Lore |
| 12:10 | Ancient of Lore |
| 12:14 | Ancient of Wind |
| 12:14 | Ancient of Wind |
| 12:59 | Wisp |
| 12:59 | Wisp |
| 13:01 | Wisp |
| 13:01 | Wisp |
| 13:02 | Sentinel |
| 13:03 | Vorpal Blades |
| 13:05 | Improved Strength of the Moon |
| 13:05 | Improved Moon Armor |
| 13:09 | Hunter's Hall |
| 13:28 | Hunter's Hall |
| 14:02 | Abolish Magic |
| 14:02 | Druid of the Claw Adept Training |
| 15:01 | Huntress |
| 15:36 | Moon Well |
| 15:37 | Moon Well |
| 15:38 | Moon Well |
| 15:40 | Moon Well |
| 15:42 | Moon Well |
| 16:10 | Ultravision |
| 16:10 | Strength of the Wild |
| 16:10 | Reinforced Hides |
| 16:28 | Druid of the Talon Adept Training |
| 16:32 | Tree of Eternity |
| 16:34 | Tree of Ages |
| 16:54 | Black Arrow |
| 17:22 | Moon Well |
| 17:30 | Improved Strength of the Wild |
| 17:30 | Improved Reinforced Hides |
| 17:50 | Huntress |
| 17:53 | Dryad |
| 18:29 | Huntress |
| 18:56 | Huntress |
| 19:05 | Huntress |
| 19:10 | Archer |
| 19:46 | Wisp |
| 19:46 | Wisp |
| 19:48 | Wisp |
| 19:48 | Wisp |
| 20:25 | Ancient of Lore |
| 20:29 | Ancient of Lore |
| 20:34 | Moon Well |
| 20:36 | Moon Well |
| 20:39 | Moon Well |
| 20:40 | Moon Well |
| 20:48 | Archer |
| 21:16 | Well Spring |
| 21:19 | Archer |
| 21:46 | Dryad |
| 22:12 | Huntress |
| 22:39 | Moon Well |
| 22:40 | Moon Well |
| 22:45 | Moon Well |
| 22:54 | Dryad |
| 22:56 | Archer |
| 23:52 | Wisp |
| 23:52 | Wisp |
| 23:54 | Wisp |
| 24:17 | Tree of Life |
| 25:03 | Druid of the Claw |
| 25:36 | Tree of Life |
| 25:46 | Druid of the Claw Master Training |
| 25:50 | Marksmanship |
| 26:45 | Advanced Strength of the Moon |
| 26:46 | Advanced Moon Armor |
| 26:48 | Wisp |
| 27:06 | Trueshot Aura |
| 27:18 | Wisp |
| 27:19 | Wisp |
| 27:21 | Wisp |
| 27:22 | Wisp |
| 27:36 | Archer |
| 27:37 | Archer |
| 28:02 | Dryad |
| 28:03 | Mark of the Claw |
| 28:11 | Wisp |
| 28:19 | Huntress |
| 28:49 | Archer |
| 28:54 | Dryad |
| 28:54 | Dryad |
| 29:10 | Dryad |
| 29:19 | Druid of the Claw |
| 29:20 | Druid of the Claw |
| 29:36 | Druid of the Talon |
| 30:16 | Druid of the Claw |
| 31:01 | Druid of the Claw |
| 31:08 | Druid of the Claw |
| 31:10 | Huntress |
| 31:13 | Druid of the Talon |
| 31:18 | Advanced Reinforced Hides |
| 31:18 | Advanced Strength of the Wild |
| 31:23 | Tree of Life |
| 31:26 | Tree of Life |
| 32:50 | Nature's Blessing |
| 32:53 | Ancient of Wonders |
| 33:00 | Glaive Thrower |
| 33:02 | Dryad |
| 33:02 | Dryad |
| 33:26 | Huntress |
| 33:26 | Huntress |
| 34:20 | Huntress |
| 34:21 | Huntress |
| 34:23 | Druid of the Claw |
| 34:25 | Mountain Giant |
| 34:30 | Druid of the Talon |
| 35:18 | Huntress |
| 36:06 | Starfall |
| 36:54 | Dryad |
| 36:56 | Huntress |
| 36:58 | Druid of the Talon |
| 38:06 | Druid of the Talon Master Training |
| 38:10 | Life Drain |
| 38:26 | Moon Well |
| 38:27 | Moon Well |
| 38:29 | Moon Well |
| 38:30 | Moon Well |
| 38:40 | Moon Well |
| 38:41 | Moon Well |
| 38:50 | Searing Arrows |
| 38:58 | Archer |
| 38:59 | Dryad |
| 39:02 | Hippogryph |
| 39:31 | Moon Well |
| 39:33 | Moon Well |
| 39:39 | Dryad |
| 42:53 | Druid of the Claw |
| 43:53 | Archer |
| 44:12 | Wisp |
| 44:12 | Wisp |
| 44:15 | Wisp |
| 44:15 | Wisp |
| 44:41 | Archer |
| 44:42 | Dryad |
| 44:49 | Tree of Life |
| 48:13 | Wisp |
| 48:15 | Wisp |
| 49:19 | Hippogryph |
| 50:05 | Tree of Life |
| 51:06 | Wisp |
| 51:07 | Wisp |
| 51:45 | Ancient of War |
| 51:46 | Ancient of War |
| 52:09 | Wisp |
| 52:09 | Wisp |
| 52:10 | Wisp |
| 52:10 | Wisp |
| 52:10 | Wisp |
| 52:53 | Archer |
| 53:19 | Hippogryph |
| 53:44 | Archer |
| 53:48 | Hippogryph |
| 53:57 | Wisp |
| 54:26 | Hippogryph |
| 54:28 | Archer |
| 54:54 | Hippogryph |
| 54:55 | Archer |
| 55:28 | Mark of the Talon |
| 60:29 | Druid of the Talon |
| 60:30 | Druid of the Talon |
| Right click | 1261 |
| Select | 949 |
| Assign group | 838 |
| Misc. action | 733 |
| Select group | 397 |
| Build/train/purchase | 258 |
| Chat | 117 |
| Use ability | 74 |
| Minimap ping | 32 |
| Esc | 15 |
| Resource trade | 13 |
| Item give/drop | 3 |
| Remove unit | 1 |


| Potion of Healing | 1 | 150 |
| Orb of Venom | 1 | 325 |
| Scroll of Town Portal | 5 | 1750 |
| Staff of Teleportation | 2 | 300 |
| Potion of Lesser Invulnerability | 2 | 300 |
| Potion of Invisibility | 1 | 100 |
| Boots of Speed | 2 | 500 |
| total: | 14 | 3425g |
| Wisp | 42 | 2520 | / | 0 |
| Archer | 7 | 910 | / | 70 |
| Hippogryph | 9 | 1440 | / | 180 |
| Chimaera | 6 | 1980 | / | 420 |
| Druid of the Claw | 4 | 1020 | / | 320 |
| Dryad | 8 | 1160 | / | 480 |
| Goblin Shredder | 2 | 750 | / | 200 |
| Goblin Zeppelin | 1 | 240 | / | 60 |
| total: | 79 | 10020g | / | 1730w |
| Ancient of War | 1 | 150 | / | 60 |
| Moon Well | 18 | 3240 | / | 720 |
| Altar of Elders | 2 | 360 | / | 100 |
| Tree of Life | 8 | 2720 | / | 1480 |
| Hunter's Hall | 3 | 630 | / | 300 |
| Ancient of Wonders | 2 | 180 | / | 60 |
| Ancient of Wind | 5 | 750 | / | 700 |
| Ancient of Lore | 3 | 465 | / | 435 |
| Chimaera Roost | 2 | 280 | / | 380 |
| Tree of Ages | 2 | 640 | / | 360 |
| Tree of Eternity | 2 | 660 | / | 400 |
| total: | 44 | 8775g | / | 4235w |
| 0:03 | Wisp |
| 0:03 | Wisp |
| 0:16 | Ancient of War |
| 0:19 | Moon Well |
| 0:21 | Wisp |
| 0:33 | Moon Well |
| 0:34 | Wisp |
| 0:53 | Wisp |
| 1:13 | Wisp |
| 1:19 | Archer |
| 1:32 | Wisp |
| 1:40 | Altar of Elders |
| 1:44 | Archer |
| 1:51 | Wisp |
| 2:03 | Archer |
| 2:24 | Wisp |
| 2:31 | Archer |
| 2:43 | Moon Well |
| 3:00 | Archer |
| 3:02 | Drunken Haze |
| 3:33 | Tree of Ages |
| 3:57 | Breath of Fire |
| 4:14 | Tree of Life |
| 4:19 | Moon Well |
| 4:40 | Archer |
| 5:15 | Hunter's Hall |
| 5:44 | Archer |
| 6:00 | Goblin Shredder |
| 6:13 | Tree of Eternity |
| 6:32 | Breath of Fire |
| 6:44 | Wisp |
| 6:44 | Wisp |
| 6:44 | Wisp |
| 6:44 | Wisp |
| 6:46 | Wisp |
| 7:22 | Ancient of Wind |
| 7:31 | Ancient of Wind |
| 7:43 | Ancient of Wind |
| 7:52 | Ancient of Wind |
| 8:01 | Ancient of Wind |
| 8:07 | Improved Bows |
| 8:08 | Strength of the Wild |
| 8:09 | Reinforced Hides |
| 8:16 | Ancient of Wonders |
| 9:10 | Drunken Haze |
| 9:21 | Hippogryph |
| 9:25 | Marksmanship |
| 10:01 | Hippogryph |
| 10:01 | Hippogryph |
| 10:01 | Hippogryph |
| 10:05 | Improved Strength of the Wild |
| 10:58 | Hippogryph |
| 11:02 | Chimaera Roost |
| 11:03 | Chimaera Roost |
| 11:07 | Hippogryph |
| 11:58 | Advanced Strength of the Wild |
| 12:01 | Moon Well |
| 12:37 | Scroll of Town Portal |
| 12:37 | Potion of Healing |
| 12:38 | Orb of Venom |
| 12:42 | Moon Well |
| 13:25 | Moon Well |
| 13:26 | Chimaera |
| 13:32 | Corrosive Breath |
| 14:09 | Improved Reinforced Hides |
| 14:56 | Breath of Fire |
| 15:35 | Storm Earth and Fire |
| 15:45 | Chimaera |
| 15:59 | Wisp |
| 16:21 | Ancient of Wonders |
| 16:43 | Hippogryph |
| 16:46 | Chimaera |
| 17:58 | Hippogryph |
| 17:58 | Hippogryph |
| 18:11 | Drunken Haze |
| 18:19 | Chimaera |
| 18:24 | Scroll of Town Portal |
| 18:38 | Scroll of Town Portal |
| 18:43 | Drunken Brawler |
| 19:29 | Drunken Brawler |
| 19:34 | Chimaera |
| 19:43 | Wisp |
| 20:09 | Advanced Reinforced Hides |
| 20:49 | Scroll of Town Portal |
| 21:09 | Goblin Shredder |
| 22:20 | Drunken Brawler |
| 22:43 | Goblin Zeppelin |
| 22:53 | Chimaera |
| 23:04 | Tree of Life |
| 26:07 | Wisp |
| 26:07 | Wisp |
| 26:08 | Wisp |
| 26:08 | Wisp |
| 26:37 | Wisp |
| 27:11 | Wisp |
| 27:34 | Tree of Life |
| 30:34 | Moon Well |
| 30:36 | Moon Well |
| 31:30 | Wisp |
| 31:31 | Wisp |
| 31:31 | Wisp |
| 31:32 | Wisp |
| 32:16 | Tree of Ages |
| 33:55 | Staff of Teleportation |
| 34:46 | Altar of Elders |
| 35:57 | Moon Well |
| 36:22 | Wisp |
| 36:52 | Moon Well |
| 37:05 | Cluster Rockets |
| 37:42 | Tree of Eternity |
| 38:05 | Tree of Life |
| 38:40 | Tree of Life |
| 40:30 | Wisp |
| 40:30 | Wisp |
| 40:30 | Wisp |
| 40:30 | Wisp |
| 41:12 | Hunter's Hall |
| 41:13 | Moon Well |
| 41:35 | Wisp |
| 41:35 | Wisp |
| 41:35 | Wisp |
| 41:36 | Wisp |
| 41:36 | Wisp |
| 41:40 | Hunter's Hall |
| 42:46 | Ancient of Lore |
| 42:48 | Ancient of Lore |
| 42:51 | Ancient of Lore |
| 42:56 | Wisp |
| 42:56 | Wisp |
| 42:57 | Wisp |
| 42:57 | Wisp |
| 43:47 | Engineering Upgrade |
| 44:00 | Druid of the Claw Adept Training |
| 44:00 | Abolish Magic |
| 44:02 | Druid of the Claw |
| 44:04 | Dryad |
| 44:07 | Dryad |
| 44:30 | Moon Well |
| 45:09 | Dryad |
| 45:12 | Druid of the Claw Master Training |
| 46:52 | Tree of Life |
| 46:59 | Dryad |
| 47:37 | Dryad |
| 47:41 | Moon Well |
| 47:42 | Moon Well |
| 47:45 | Moon Well |
| 47:46 | Moon Well |
| 48:27 | Tree of Life |
| 49:02 | Cluster Rockets |
| 49:05 | Wisp |
| 49:05 | Wisp |
| 49:31 | Tree of Life |
| 49:37 | Staff of Teleportation |
| 49:38 | Scroll of Town Portal |
| 49:38 | Potion of Lesser Invulnerability |
| 50:11 | Dryad |
| 50:13 | Dryad |
| 50:33 | Druid of the Claw |
| 51:21 | Druid of the Claw |
| 51:21 | Mark of the Claw |
| 52:23 | Druid of the Claw |
| 52:58 | Moon Well |
| 56:26 | Dryad |
| 57:28 | Potion of Invisibility |
| 57:33 | Potion of Lesser Invulnerability |
| 59:03 | Boots of Speed |
| 59:29 | Boots of Speed |
| Right click | 2619 |
| Select group | 2490 |
| Select | 987 |
| Build/train/purchase | 149 |
| Use ability | 146 |
| Chat | 67 |
| Assign group | 63 |
| Minimap ping | 15 |
| Resource trade | 15 |
| Item give/drop | 8 |
| Remove unit | 7 |
| Misc. action | 4 |
| Esc | 2 |


| Healing Salve | 2 | 200 |
| Orb of Lightning | 4 | 1500 |
| Scroll of Town Portal | 7 | 2450 |
| Potion of Lesser Invulnerability | 1 | 150 |
| total: | 14 | 4300g |
| Peon | 26 | 1950 | / | 0 |
| Troll Headhunter | 11 | 1540 | / | 220 |
| Shaman | 15 | 1950 | / | 300 |
| Troll Witch Doctor | 19 | 2755 | / | 475 |
| Troll Berserker | 38 | 5320 | / | 760 |
| Grunt | 2 | 400 | / | 0 |
| total: | 111 | 13915g | / | 1755w |
| Altar of Storms | 5 | 900 | / | 250 |
| Orc Burrow | 17 | 2720 | / | 680 |
| War Mill | 2 | 410 | / | 0 |
| Barracks | 3 | 540 | / | 150 |
| Voodoo Lounge | 2 | 260 | / | 60 |
| Great Hall | 4 | 1540 | / | 740 |
| Spirit Lodge | 2 | 300 | / | 300 |
| Stronghold | 2 | 630 | / | 380 |
| Fortress | 1 | 325 | / | 190 |
| total: | 35 | 6670g | / | 2180w |
| 0:03 | Peon |
| 0:03 | Peon |
| 0:09 | Altar of Storms |
| 0:16 | Orc Burrow |
| 0:31 | Peon |
| 0:42 | Peon |
| 0:51 | Peon |
| 1:03 | War Mill |
| 1:22 | Barracks |
| 1:27 | Peon |
| 1:44 | Orc Burrow |
| 1:49 | Peon |
| 2:01 | Peon |
| 2:13 | Wind Walk |
| 2:26 | Troll Headhunter |
| 2:30 | Voodoo Lounge |
| 2:43 | Troll Headhunter |
| 3:01 | Troll Headhunter |
| 3:25 | Troll Headhunter |
| 3:38 | Stronghold |
| 3:48 | Healing Salve |
| 4:26 | Troll Headhunter |
| 4:28 | Steel Ranged Weapons |
| 4:38 | Orc Burrow |
| 4:44 | Troll Headhunter |
| 5:05 | Troll Headhunter |
| 5:18 | Critical Strike |
| 5:34 | Steel Armor |
| 5:36 | Troll Headhunter |
| 5:46 | Great Hall |
| 6:10 | Spirit Lodge |
| 6:15 | Spirit Lodge |
| 7:01 | Wind Walk |
| 7:18 | Orc Burrow |
| 7:31 | Shaman |
| 7:31 | Shaman Adept Training |
| 7:37 | Witch Doctor Adept Training |
| 8:01 | Healing Wave |
| 8:27 | Troll Witch Doctor |
| 8:29 | Shaman |
| 8:32 | Fortress |
| 9:19 | Troll Witch Doctor |
| 9:22 | Troll Regeneration |
| 9:24 | Thorium Ranged Weapons |
| 9:27 | Peon |
| 9:27 | Peon |
| 10:15 | Hex |
| 10:21 | Troll Headhunter |
| 10:23 | Troll Witch Doctor |
| 10:24 | Shaman |
| 10:59 | Witch Doctor Master Training |
| 11:00 | Shaman Master Training |
| 11:41 | Peon |
| 11:42 | Peon |
| 11:42 | Peon |
| 11:48 | Peon |
| 11:49 | Peon |
| 11:49 | Peon |
| 12:29 | Peon |
| 12:33 | Shaman |
| 12:34 | Berserker Upgrade |
| 12:34 | Troll Headhunter |
| 12:42 | Scroll of Town Portal |
| 12:55 | Orb of Lightning |
| 13:01 | Peon |
| 13:01 | Peon |
| 13:01 | Peon |
| 13:01 | Peon |
| 13:10 | Troll Headhunter |
| 13:24 | Troll Berserker |
| 13:42 | Troll Berserker |
| 13:56 | Critical Strike |
| 14:58 | Troll Berserker |
| 15:01 | Orc Burrow |
| 15:03 | Thorium Armor |
| 16:00 | Troll Berserker |
| 16:09 | Orc Burrow |
| 16:26 | Scroll of Town Portal |
| 16:28 | Orb of Lightning |
| 16:40 | Troll Berserker |
| 17:44 | Orc Burrow |
| 17:48 | Orc Burrow |
| 18:24 | Wind Walk |
| 19:01 | Orc Burrow |
| 19:21 | Orc Burrow |
| 19:23 | Arcanite Armor |
| 19:30 | Orc Burrow |
| 19:41 | Bladestorm |
| 20:07 | Orb of Lightning |
| 20:13 | Scroll of Town Portal |
| 20:25 | Troll Berserker |
| 20:25 | Troll Berserker |
| 20:27 | Troll Witch Doctor |
| 20:28 | Shaman |
| 20:45 | Orc Burrow |
| 20:51 | Troll Berserker |
| 21:39 | Troll Berserker |
| 21:51 | Troll Berserker |
| 21:52 | Troll Witch Doctor |
| 21:54 | Shaman |
| 22:12 | Healing Wave |
| 22:31 | Troll Berserker |
| 22:32 | Troll Witch Doctor |
| 22:33 | Shaman |
| 22:45 | Great Hall |
| 22:59 | Orb of Lightning |
| 23:26 | Troll Berserker |
| 23:27 | Troll Berserker |
| 23:29 | Troll Berserker |
| 23:47 | Troll Witch Doctor |
| 24:23 | Critical Strike |
| 24:28 | Hex |
| 24:31 | Troll Berserker |
| 24:33 | Arcanite Ranged Weapons |
| 25:06 | Healing Wave |
| 25:11 | Mirror Image |
| 25:28 | Troll Witch Doctor |
| 25:29 | Troll Witch Doctor |
| 25:30 | Shaman |
| 25:30 | Shaman |
| 25:31 | Troll Berserker |
| 25:31 | Troll Berserker |
| 25:55 | Troll Berserker |
| 26:10 | Scroll of Town Portal |
| 26:58 | Great Hall |
| 27:11 | Troll Berserker |
| 27:11 | Troll Berserker |
| 27:11 | Troll Berserker |
| 28:29 | Troll Witch Doctor |
| 28:30 | Troll Witch Doctor |
| 28:31 | Troll Berserker |
| 28:32 | Troll Berserker |
| 29:00 | Scroll of Town Portal |
| 29:21 | Troll Witch Doctor |
| 29:22 | Shaman |
| 29:26 | Healing Salve |
| 29:43 | Shaman |
| 30:38 | Scroll of Town Portal |
| 30:46 | Troll Berserker |
| 30:51 | Troll Witch Doctor |
| 30:51 | Troll Witch Doctor |
| 30:52 | Shaman |
| 30:52 | Shaman |
| 31:14 | Troll Berserker |
| 31:42 | Altar of Storms |
| 31:47 | Stronghold |
| 31:52 | Troll Berserker |
| 31:53 | Troll Berserker |
| 31:53 | Troll Berserker |
| 32:45 | Voodoo Lounge |
| 32:53 | War Mill |
| 32:57 | Troll Witch Doctor |
| 32:58 | Grunt |
| 33:49 | Grunt |
| 34:39 | Troll Witch Doctor |
| 34:40 | Troll Berserker |
| 34:41 | Troll Berserker |
| 34:44 | Big Bad Voodoo |
| 34:53 | Big Bad Voodoo |
| 35:20 | Troll Witch Doctor |
| 35:21 | Troll Berserker |
| 35:36 | Mirror Image |
| 35:45 | Troll Berserker |
| 35:46 | Troll Witch Doctor |
| 35:47 | Shaman |
| 36:03 | Troll Berserker |
| 36:11 | Troll Berserker |
| 36:30 | Barracks |
| 36:47 | Troll Berserker |
| 36:47 | Troll Berserker |
| 36:51 | Peon |
| 36:52 | Peon |
| 37:06 | Troll Witch Doctor |
| 37:07 | Shaman |
| 37:56 | Great Hall |
| 38:05 | Troll Berserker |
| 38:05 | Troll Berserker |
| 39:00 | Orc Burrow |
| 39:38 | Orc Burrow |
| 39:40 | Orc Burrow |
| 41:23 | Altar of Storms |
| 41:45 | Orc Burrow |
| 42:48 | Barracks |
| 42:49 | Peon |
| 43:51 | Serpent Ward |
| 43:54 | Peon |
| 43:54 | Peon |
| 43:59 | Altar of Storms |
| 45:27 | Altar of Storms |
| 46:52 | Orc Burrow |
| 50:22 | Scroll of Town Portal |
| 50:23 | Potion of Lesser Invulnerability |
| Chat | 2900 |
| Right click | 827 |
| Select | 688 |
| Build/train/purchase | 211 |
| Minimap ping | 175 |
| Use ability | 60 |
| Item give/drop | 4 |
| Resource trade | 4 |
| Remove unit | 1 |
ChuckleMan
(103)
(61:35) : 


| Scroll of Regeneration | 4 | 400 |
| Orb of Fire | 1 | 325 |
| Staff of Sanctuary | 2 | 500 |
| Potion of Healing | 2 | 300 |
| Lesser Clarity Potion | 1 | 70 |
| Potion of Mana | 1 | 200 |
| Scroll of Healing | 1 | 250 |
| Scroll of Town Portal | 10 | 3500 |
| Boots of Speed | 3 | 750 |
| Staff of Teleportation | 3 | 450 |
| total: | 28 | 6745g |
| Peasant | 38 | 2850 | / | 0 |
| Sorceress | 2 | 310 | / | 40 |
| Priest | 1 | 135 | / | 10 |
| Gryphon Rider | 4 | 1120 | / | 280 |
| Goblin Shredder | 3 | 1125 | / | 300 |
| Goblin Zeppelin | 2 | 480 | / | 120 |
| total: | 50 | 6020g | / | 750w |
| Scout Tower | 215 | 6450 | / | 4300 |
| Arcane Tower | 3 | 210 | / | 150 |
| Guard Tower | 38 | 2660 | / | 1900 |
| Altar of Kings | 1 | 180 | / | 50 |
| Farm | 13 | 1040 | / | 260 |
| Lumber Mill | 4 | 480 | / | 0 |
| Town Hall | 7 | 2695 | / | 1435 |
| Arcane Vault | 1 | 130 | / | 30 |
| Blacksmith | 1 | 140 | / | 60 |
| Barracks | 1 | 160 | / | 60 |
| Arcane Sanctum | 3 | 450 | / | 420 |
| Gryphon Aviary | 6 | 840 | / | 900 |
| Keep | 1 | 320 | / | 210 |
| Castle | 2 | 720 | / | 420 |
| total: | 252 | 12565g | / | 7515w |
| 0:03 | Peasant |
| 0:04 | Peasant |
| 0:08 | Altar of Kings |
| 0:10 | Farm |
| 0:17 | Peasant |
| 0:28 | Peasant |
| 0:36 | Scout Tower |
| 0:46 | Lumber Mill |
| 0:50 | Peasant |
| 1:03 | Arcane Tower |
| 1:06 | Scout Tower |
| 1:14 | Peasant |
| 1:28 | Farm |
| 1:32 | Peasant |
| 1:42 | Scout Tower |
| 1:45 | Peasant |
| 1:46 | Peasant |
| 2:02 | Guard Tower |
| 2:08 | Scout Tower |
| 2:10 | Blizzard |
| 2:12 | Peasant |
| 2:17 | Guard Tower |
| 2:28 | Scout Tower |
| 2:31 | Peasant |
| 2:34 | Scout Tower |
| 2:41 | Farm |
| 2:43 | Guard Tower |
| 2:52 | Farm |
| 2:54 | Peasant |
| 3:11 | Guard Tower |
| 3:41 | Peasant |
| 3:41 | Peasant |
| 4:10 | Brilliance Aura |
| 4:11 | Keep |
| 4:20 | Town Hall |
| 4:22 | Scout Tower |
| 4:28 | Arcane Tower |
| 4:44 | Blizzard |
| 4:55 | Scout Tower |
| 4:56 | Scout Tower |
| 4:56 | Scout Tower |
| 4:57 | Scout Tower |
| 4:58 | Arcane Tower |
| 5:35 | Guard Tower |
| 5:37 | Scout Tower |
| 5:41 | Goblin Shredder |
| 5:51 | Brilliance Aura |
| 6:08 | Scout Tower |
| 6:09 | Scout Tower |
| 6:12 | Scout Tower |
| 6:13 | Scout Tower |
| 6:13 | Scout Tower |
| 6:23 | Improved Masonry |
| 6:24 | Advanced Masonry |
| 6:56 | Boots of Speed |
| 6:58 | Staff of Teleportation |
| 7:01 | Guard Tower |
| 7:03 | Castle |
| 7:15 | Guard Tower |
| 8:24 | Town Hall |
| 8:25 | Scout Tower |
| 8:26 | Scout Tower |
| 8:26 | Scout Tower |
| 8:26 | Scout Tower |
| 8:26 | Scout Tower |
| 8:26 | Scout Tower |
| 8:26 | Scout Tower |
| 8:27 | Scout Tower |
| 8:27 | Scout Tower |
| 8:27 | Scout Tower |
| 8:28 | Scout Tower |
| 8:28 | Scout Tower |
| 8:28 | Scout Tower |
| 8:36 | Flame Strike |
| 9:19 | Imbued Masonry |
| 9:35 | Rain of Fire |
| 9:50 | Guard Tower |
| 9:53 | Boots of Speed |
| 9:54 | Scroll of Healing |
| 9:54 | Scroll of Town Portal |
| 9:57 | Staff of Teleportation |
| 10:41 | Arcane Sanctum |
| 10:45 | Guard Tower |
| 10:54 | Peasant |
| 10:54 | Peasant |
| 11:03 | Scout Tower |
| 11:04 | Scout Tower |
| 11:04 | Scout Tower |
| 11:05 | Scout Tower |
| 11:05 | Scout Tower |
| 11:06 | Scout Tower |
| 11:06 | Scout Tower |
| 11:07 | Scout Tower |
| 11:07 | Scout Tower |
| 11:16 | Scout Tower |
| 11:17 | Scout Tower |
| 11:17 | Scout Tower |
| 11:24 | Goblin Shredder |
| 11:27 | Goblin Zeppelin |
| 11:36 | Peasant |
| 11:36 | Peasant |
| 11:39 | Scout Tower |
| 11:40 | Scout Tower |
| 11:40 | Scout Tower |
| 11:40 | Scout Tower |
| 11:41 | Scout Tower |
| 11:41 | Scout Tower |
| 11:42 | Scout Tower |
| 11:43 | Scout Tower |
| 11:43 | Scout Tower |
| 11:44 | Scout Tower |
| 11:59 | Staff of Teleportation |
| 12:06 | Guard Tower |
| 12:09 | Scout Tower |
| 12:09 | Scout Tower |
| 12:10 | Scout Tower |
| 12:11 | Scout Tower |
| 12:16 | Peasant |
| 12:16 | Peasant |
| 12:25 | Peasant |
| 12:25 | Peasant |
| 12:31 | Magic Sentry |
| 12:31 | Sorceress |
| 12:31 | Sorceress Adept Training |
| 13:06 | Blizzard |
| 13:16 | Guard Tower |
| 13:18 | Scout Tower |
| 13:19 | Scout Tower |
| 13:20 | Scout Tower |
| 13:21 | Scout Tower |
| 13:22 | Scout Tower |
| 13:22 | Scout Tower |
| 13:28 | Scout Tower |
| 13:28 | Scout Tower |
| 13:29 | Scout Tower |
| 13:30 | Scout Tower |
| 13:30 | Scout Tower |
| 13:31 | Scout Tower |
| 13:32 | Scout Tower |
| 13:33 | Scout Tower |
| 13:33 | Scout Tower |
| 13:34 | Scout Tower |
| 13:35 | Scout Tower |
| 13:36 | Scout Tower |
| 13:39 | Guard Tower |
| 13:43 | Scout Tower |
| 13:43 | Scout Tower |
| 13:44 | Scout Tower |
| 13:46 | Scout Tower |
| 13:47 | Scout Tower |
| 13:47 | Scout Tower |
| 13:48 | Scout Tower |
| 13:48 | Scout Tower |
| 13:49 | Scout Tower |
| 13:52 | Cleaving Attack |
| 13:57 | Siphon Mana |
| 14:06 | Guard Tower |
| 14:08 | Improved Lumber Harvesting |
| 14:09 | Guard Tower |
| 14:15 | Lumber Mill |
| 14:47 | Guard Tower |
| 14:57 | Scout Tower |
| 14:57 | Scout Tower |
| 15:17 | Guard Tower |
| 15:47 | Guard Tower |
| 15:52 | Scout Tower |
| 15:52 | Scout Tower |
| 15:53 | Scout Tower |
| 15:54 | Scout Tower |
| 15:55 | Scout Tower |
| 15:58 | Guard Tower |
| 16:30 | Guard Tower |
| 16:47 | Guard Tower |
| 16:54 | Lumber Mill |
| 17:40 | Guard Tower |
| 17:42 | Advanced Lumber Harvesting |
| 17:48 | Peasant |
| 17:48 | Peasant |
| 17:48 | Peasant |
| 18:11 | Scout Tower |
| 18:12 | Scout Tower |
| 18:12 | Scout Tower |
| 18:12 | Scout Tower |
| 18:12 | Scout Tower |
| 18:12 | Scout Tower |
| 18:12 | Scout Tower |
| 18:13 | Scout Tower |
| 18:13 | Scout Tower |
| 18:13 | Scout Tower |
| 18:13 | Scout Tower |
| 18:13 | Scout Tower |
| 18:13 | Scout Tower |
| 18:14 | Scout Tower |
| 18:14 | Scout Tower |
| 18:14 | Scout Tower |
| 18:14 | Scout Tower |
| 18:35 | Guard Tower |
| 18:37 | Scout Tower |
| 18:38 | Scout Tower |
| 18:38 | Scout Tower |
| 18:38 | Scout Tower |
| 18:38 | Scout Tower |
| 18:38 | Scout Tower |
| 18:38 | Scout Tower |
| 18:43 | Rain of Fire |
| 18:54 | Flame Strike |
| 19:23 | Guard Tower |
| 19:31 | Arcane Vault |
| 20:07 | Scout Tower |
| 20:08 | Scout Tower |
| 20:08 | Scout Tower |
| 20:09 | Scout Tower |
| 20:10 | Scout Tower |
| 20:11 | Scout Tower |
| 20:13 | Scroll of Regeneration |
| 20:14 | Orb of Fire |
| 20:14 | Staff of Sanctuary |
| 20:18 | Scroll of Town Portal |
| 20:35 | Scout Tower |
| 20:36 | Scout Tower |
| 20:37 | Scout Tower |
| 20:38 | Scout Tower |
| 20:38 | Scout Tower |
| 20:40 | Scout Tower |
| 20:40 | Scout Tower |
| 20:41 | Scout Tower |
| 20:41 | Scout Tower |
| 20:46 | Scout Tower |
| 20:47 | Scout Tower |
| 20:48 | Scout Tower |
| 20:49 | Scout Tower |
| 20:49 | Scout Tower |
| 20:50 | Scout Tower |
| 20:50 | Scout Tower |
| 21:32 | Scroll of Regeneration |
| 21:34 | Potion of Healing |
| 21:35 | Scroll of Town Portal |
| 21:44 | Guard Tower |
| 22:09 | Lumber Mill |
| 22:49 | Guard Tower |
| 23:24 | Scout Tower |
| 23:24 | Scout Tower |
| 23:25 | Scout Tower |
| 23:25 | Scout Tower |
| 23:26 | Scout Tower |
| 23:26 | Scout Tower |
| 23:27 | Scout Tower |
| 23:27 | Scout Tower |
| 23:28 | Scout Tower |
| 23:28 | Scout Tower |
| 23:29 | Scout Tower |
| 23:29 | Scout Tower |
| 23:30 | Scout Tower |
| 23:31 | Scout Tower |
| 23:31 | Scout Tower |
| 23:32 | Scout Tower |
| 23:33 | Scout Tower |
| 23:33 | Scout Tower |
| 23:53 | Priest |
| 23:54 | Sorceress Master Training |
| 23:56 | Priest Adept Training |
| 23:57 | Guard Tower |
| 24:14 | Mass Teleport |
| 24:31 | Guard Tower |
| 24:35 | Town Hall |
| 24:39 | Scroll of Regeneration |
| 24:42 | Scroll of Town Portal |
| 24:42 | Scroll of Town Portal |
| 24:49 | Cleaving Attack |
| 24:51 | Guard Tower |
| 25:52 | Guard Tower |
| 25:53 | Scout Tower |
| 25:54 | Scout Tower |
| 25:55 | Scout Tower |
| 25:56 | Scout Tower |
| 25:56 | Scout Tower |
| 26:11 | Goblin Shredder |
| 26:13 | Goblin Zeppelin |
| 26:40 | Guard Tower |
| 27:36 | Guard Tower |
| 27:38 | Guard Tower |
| 28:03 | Scout Tower |
| 28:03 | Scout Tower |
| 28:04 | Scout Tower |
| 28:04 | Scout Tower |
| 28:05 | Scout Tower |
| 28:06 | Scout Tower |
| 28:07 | Scout Tower |
| 28:09 | Scout Tower |
| 28:09 | Scout Tower |
| 28:10 | Scout Tower |
| 28:10 | Scout Tower |
| 28:11 | Scout Tower |
| 28:11 | Scout Tower |
| 28:20 | Scout Tower |
| 28:20 | Scout Tower |
| 28:21 | Scout Tower |
| 28:21 | Scout Tower |
| 28:23 | Scout Tower |
| 28:24 | Scout Tower |
| 28:24 | Scout Tower |
| 28:25 | Scout Tower |
| 28:25 | Scout Tower |
| 28:26 | Scout Tower |
| 28:26 | Scout Tower |
| 28:27 | Scout Tower |
| 28:27 | Scout Tower |
| 28:27 | Scout Tower |
| 30:42 | Scroll of Regeneration |
| 30:43 | Potion of Healing |
| 30:46 | Lesser Clarity Potion |
| 30:48 | Staff of Sanctuary |
| 30:50 | Scroll of Town Portal |
| 30:51 | Scroll of Town Portal |
| 31:32 | Siphon Mana |
| 32:39 | Town Hall |
| 32:48 | Scout Tower |
| 32:49 | Scout Tower |
| 32:49 | Scout Tower |
| 32:50 | Scout Tower |
| 32:50 | Scout Tower |
| 32:51 | Scout Tower |
| 32:52 | Scout Tower |
| 32:52 | Scout Tower |
| 32:53 | Scout Tower |
| 32:53 | Scout Tower |
| 32:54 | Scout Tower |
| 32:54 | Scout Tower |
| 32:55 | Scout Tower |
| 33:37 | Potion of Mana |
| 33:41 | Scroll of Town Portal |
| 34:52 | Peasant |
| 34:52 | Peasant |
| 34:53 | Peasant |
| 35:02 | Arcane Sanctum |
| 37:34 | Guard Tower |
| 37:45 | Peasant |
| 37:45 | Peasant |
| 37:45 | Peasant |
| 37:45 | Peasant |
| 37:46 | Peasant |
| 37:47 | Guard Tower |
| 39:55 | Rain of Fire |
| 40:12 | Arcane Sanctum |
| 41:45 | Brilliance Aura |
| 42:06 | Guard Tower |
| 42:15 | Peasant |
| 42:15 | Peasant |
| 42:15 | Peasant |
| 42:16 | Peasant |
| 42:16 | Peasant |
| 43:03 | Gryphon Aviary |
| 43:04 | Gryphon Aviary |
| 43:04 | Gryphon Aviary |
| 43:05 | Gryphon Aviary |
| 43:05 | Gryphon Aviary |
| 43:07 | Gryphon Aviary |
| 43:58 | Sorceress |
| 44:05 | Town Hall |
| 44:51 | Flame Strike |
| 44:59 | Farm |
| 45:47 | Farm |
| 45:47 | Farm |
| 45:48 | Farm |
| 45:48 | Farm |
| 45:48 | Farm |
| 45:49 | Farm |
| 45:49 | Farm |
| 45:49 | Farm |
| 46:14 | Storm Hammers |
| 46:19 | Blacksmith |
| 47:12 | Gryphon Rider |
| 47:12 | Gryphon Rider |
| 47:12 | Gryphon Rider |
| 47:12 | Gryphon Rider |
| 47:36 | Studded Leather Armor |
| 47:36 | Iron Forged Swords |
| 47:38 | Barracks |
| 47:42 | Boots of Speed |
| 47:45 | Scroll of Town Portal |
| 47:45 | Scroll of Town Portal |
| 48:56 | Reinforced Leather Armor |
| 50:48 | Doom |
| 51:09 | Dragonhide Armor |
| 51:10 | Steel Forged Swords |
| 53:10 | Animal War Training |
| 54:12 | Mithril Forged Swords |
| 57:11 | Town Hall |
| 57:21 | Town Hall |
| 58:58 | Scout Tower |
| 58:58 | Scout Tower |
| 58:59 | Scout Tower |
| 59:00 | Scout Tower |
| 59:00 | Scout Tower |
| 59:01 | Scout Tower |
| 59:01 | Scout Tower |
| 59:01 | Scout Tower |
| 59:02 | Scout Tower |
| 59:02 | Scout Tower |
| 59:03 | Scout Tower |
| 59:03 | Scout Tower |
| 59:04 | Scout Tower |
| 59:04 | Scout Tower |
| 59:05 | Scout Tower |
| 59:05 | Scout Tower |
| Right click | 1888 |
| Select group | 985 |
| Chat | 665 |
| Select | 598 |
| Use ability | 404 |
| Build/train/purchase | 299 |
| Misc. action | 102 |
| Resource trade | 100 |
| Assign group | 30 |
| Minimap ping | 26 |
| Esc | 17 |
| Item give/drop | 14 |
⇛